 Dungeon Crawl Stone Soup version 0.29-a0-330-g52719c12eb (webtiles) character file.

Game seed: 2256688479416456159

13369 Leszczynek the Transmogrifier (level 12, -10/92 HPs)
             Began as a Human Gladiator on Apr 20, 2022.
             Was an Elder of the Shining One.
             Mangled by an orc warrior
             ... wielding a +0 battleaxe
              (18 damage)
             ... on level 1 of the Orcish Mines on Apr 21, 2022.
             The game lasted 01:20:08 (6642 turns).

Leszczynek the Transmogrifier (Human Gladiator)     Turns: 6642, Time: 01:20:08

Health: -10/92     AC:  7    Str: 14    XL:     12   Next: 31%
Magic:  13/17      EV: 19    Int: 15    God:    the Shining One [****..]
Gold:   776        SH:  0    Dex: 19    Spells: 8/18 levels left

rFire   + . .      SeeInvis .     - Unarmed
rCold   + . .      Faith    .   (shield currently unavailable)
rNeg    + + .      Spirit   .   s - +1 troll leather armour
rPois   .          Reflect  .   o - +0 helmet
rElec   .          Harm     .   (no cloak)
rCorr   .          Rampage  .   (gloves currently unavailable)
Will    .....                   (no boots)
Stlth   +.........              (no amulet)
HPRegen 1.05/turn               g - ring of wizardry
MPRegen 0.15/turn               k - ring "Qickox" {rF+ rC+ EV+4 Dex+3}

@: blade hands, glowing
A: hooves 1, agile 1, shaggy fur 1
a: End Transformation, Renounce Religion, Divine Shield, Cleansing Flame


You were on level 1 of the Orcish Mines.
You worshipped the Shining One.
The Shining One was greatly pleased with you.
You had blades for hands.
You visited 3 branches of the dungeon, and saw 14 of its levels.

You collected 776 gold pieces.

Inventory:

Hand Weapons
 a - a +5 long sword (melded)
 b - a +1 hunting sling of freezing
 x - a +0 executioner's axe
 H - a +5 mace
 I - a +1 hand axe of flaming
Missiles
 c - 6 throwing nets
 d - 4 javelins
 e - 13 poisoned darts
 E - 14 boomerangs (quivered)
Armour
 o - a +0 helmet (worn)
 p - a +0 pair of gloves (melded)
 s - a +1 troll leather armour (worn)
 y - +0 steam dragon scales
Jewellery
 g - a ring of wizardry (left blade hand)
 h - a ring of wizardry
 k - the ring "Qickox" (right blade hand) {rF+ rC+ EV+4 Dex+3}
   (You found it on level 4 of the Dungeon)

   [ring of evasion]

   EV:        It affects your evasion (+4).
   Dex:       It affects your dexterity (+3).
   rF:        It protects you from fire.
   rC:        It protects you from cold.
Wands
 A - a wand of polymorph (8)
 F - a wand of mindburst (2)
Scrolls
 r - a scroll of magic mapping
 t - a scroll of enchant weapon
 u - 2 scrolls of immolation {!r}
 C - 4 scrolls of fog
Potions
 q - 2 potions of mutation {!q}
 w - 2 potions of cancellation
 z - a potion of curing {unknown}
 B - a potion of brilliance {unknown}
 G - a potion of heal wounds {unknown}


   Skills:
 - Level 8.0 Fighting
 - Level 2.0 Throwing
 - Level 6.0 Dodging
 - Level 8.0 Unarmed Combat
 + Level 3.6 Spellcasting
 - Level 5.0 Summonings
 - Level 10.0 Transmutations
 * Level 5.1 Air Magic
 + Level 4.6 Earth Magic
 + Level 4.0 Invocations
 - Level 4.0 Evocations


You had 8 spell levels left.
You knew the following spells:

 Your Spells              Type           Power      Damage    Failure   Level
a - Call Canine Familiar  Summ           17%        N/A       21%         3
b - Blade Hands           Tmut           16%        N/A       21%         5
c - Wereblood             Tmut           32%        N/A       5%          2

Your spell library contained the following spells:

 Spells                   Type           Power      Damage    Failure   Level
 Summon Lightning Spire   Summ/Air       17%        N/A       38%         4
 Animate Armour           Summ/Erth      34%        N/A       41%         4
 Sublimation of Blood     Necr           2%         N/A       45%         2
 Gell's Gravitas          Tloc           2%         N/A       61%         3
 Portal Projectile        Hex/Tloc       4%         N/A       61%         3
 Teleport Other           Tloc           2%         N/A       61%         3
 Leda's Liquefaction      Hex/Erth       4%         N/A       67%         4
 Storm Form               Tmut/Air       12%        N/A       99%         7
 Dispersal                Tloc           1%         N/A       100%        6
 Iron Shot                Conj/Erth      4%         9d2       100%        6
 Summon Hydra             Summ           8%         N/A       100%        7
 Maxwell's Capacitive Co  Air            9%         ∞         100%        8


Dungeon Overview and Level Annotations

Branches:
Dungeon (11/15)            Temple (1/1) D:4            Lair (0/6) D:9
    Orc (2/2) D:10
    Elf: Orc:2

Altars:
Ashenzari
Cheibriados
Dithmenos
Elyvilon
Fedhas
Gozag
Hepliaklqana
Kikubaaqudgha
Makhleb
Nemelex Xobeh
Okawaru
Qazlal
Sif Muna
Trog
Vehumet
Wu Jian
Xom
Yredelemnul
Zin
The Shining One
Jiyva

Portals:
Trove: D:11 (give 2 scrolls of acquirement)

Annotations:
D:9 big vault, hydras etc. inside, Grum
D:10 3 runed translucent doors, exclusion: downstairs, NigelTetley's ghost, journeyman DrTm
D:11 trove: 2 ?acq


Innate Abilities, Weirdness & Mutations

You have blades for hands.
Your spellcasting is less reliable in this form.
You are incapable of wielding weapons or throwing items.
You have large cloven feet.
You are agile. (Dex +2)
You are covered in fur. (AC +1)


Message History

There is a stone staircase leading down, spattered with blood here.
You see here a +0 club.
a - a +4 long sword (weapon)
Casting: Blade Hands (dangerous; 4% risk of failure)
Confirm with . or Enter, or press ? or * to list all spells.
Your hands turn into razor-sharp scythe blades.
Your +4 long sword melds into your body.
Your +0 pair of gloves melds into your body.
HP restored.
You climb downwards.
You feel a wave of frost pass over you.
There is an entrance to an ice cave on this level.
Hurry and find it before the portal melts!
You hear the steady crackling of a very distant melting archway.
The orc misses you.
The orc knight hits you with a +0 battleaxe!!
The orc warrior hits you with a +0 battleaxe!
There is a stone staircase leading up, spattered with blood here.
The orc misses you.
The orc warrior hits you with a +0 battleaxe!!
The orc priest mumbles some strange prayers to Beogh against you.
Beogh smites you!
The orc knight hits you with a +0 battleaxe!
* * * LOW HITPOINT WARNING * * *
You climb upwards.
There is a stone staircase leading down, spattered with blood here.
You see here a +0 club.
As you read the scroll labelled ZYSHRI KOOPP, it crumbles to dust.
It is a scroll of enchant weapon.
Your +4 long sword glows red for a moment.
The orc misses you. The orc warrior completely misses you.
The orc knight hits you with a +0 battleaxe!
* * * LOW HITPOINT WARNING * * *
Okay, then.
Okay, then.
As you read the scroll labelled WEGINABRETZ, it crumbles to dust.
It is a scroll of enchant armour.
Your +0 troll leather armour glows green for a moment.
The orc misses you.
The orc warrior hits you with a +0 battleaxe!!
You die...

### ###.## ######....##
###..##......#
#.#.[.##.#...##
###).)..##.....## ####
###..)#[..##..#...###
.#.###....###..#oo.#...#.##
#...##.)...#.#.o@####.....##
.#.#....##.###.))# ##......#
..#.........##...###......##
.###..#....#.......##....##
## #...............#.....# #
##.##.......#........##
#####.....####.....##
###..#* #...### #.#* ##.##


You could see an orc knight, an orc warrior and an orc.

Vanquished Creatures
  Harold (D:9)
  A two-headed ogre (D:9)
  An orc knight (D:10)
  4 deep elf pyromancers
  4 deep elf zephyrmancers
  2 orc sorcerers (Orc:1)
  Psyche (D:9)
  4 trolls
  2 shadows
  A vampire (D:11)
  5 yaks (D:10)
  A wyvern (D:9)
  2 steam dragons
  2 wargs (Orc:1)
  An acid dragon (D:8)
  12 orc warriors
  An ice beast (D:5)
  An ogre (D:4)
  A sky beast (D:9)
  2 centaurs
  A wolf (D:9)
  A phantom (D:7)
  A necrophage (D:7)
  2 bullfrogs
  A gnoll sergeant (D:11)
  10 wights
  6 killer bees (D:10)
  3 hounds
  14 orc priests
  Jessica (D:3)
  2 iguanas
  16 orc wizards
  Natasha (thrice) (D:3)
  4 gnolls
  3 adders
  A shadow imp (D:8)
  A white imp (D:6)
  2 dart slugs
  73 orcs
  2 ball pythons
  3 bats
  6 endoplasms
  2 giant cockroaches
  3 hobgoblins
  2 jackals (D:1)
  2 quokkas
  3 frilled lizards
  9 goblins
  4 kobolds
  4 rats
234 creatures vanquished.

Vanquished Creatures (collateral kills)
  A water moccasin (D:6)
  An ogre (D:4)
  A kobold brigand (D:9)
  A necrophage (D:7)
  A bullfrog (D:7)
  A hound (D:5)
  A gnoll shaman (D:7)
  An orc priest (D:7)
  2 orc wizards
  2 adders (D:5)
  A worm (D:5)
  8 orcs
  A goblin (D:9)
22 creatures vanquished.

Vanquished Creatures (others)
  A deep elf pyromancer (Orc:1)
  A fungus (Orc:2)
  4 plants (D:9)
6 creatures vanquished.

Grand Total: 262 creatures vanquished

Notes
Turn   | Place    | Note
-------+----------+-------------------------------------------
     0 | D:1      | Leszczynek the Human Gladiator began the quest for the Orb.
     0 | D:1      | Reached XP level 1. HP: 16/16 MP: 1/1
    95 | D:1      | Reached skill level 1 in Transmutations
    95 | D:1      | Reached XP level 2. HP: 14/22 MP: 2/2
   230 | D:2      | Found a sparkling altar of Nemelex Xobeh.
   360 | D:2      | Found a faded altar of an unknown god.
   386 | D:2      | Reached XP level 3. HP: 19/27 MP: 3/3
   495 | D:3      | Noticed Jessica
   509 | D:3      | Killed Jessica
   510 | D:3      | Reached skill level 2 in Transmutations
   510 | D:3      | Reached XP level 4. HP: 23/34 MP: 4/4
   738 | D:4      | Noticed a steam dragon
   746 | D:4      | Ouch! That really hurt!
   763 | D:3      | :^)
   800 | D:3      | double wiz ring
   800 | D:3      | lessssgo
   804 | D:3      | Learned a level 3 spell: Call Canine Familiar
   851 | D:3      | Noticed Natasha
   867 | D:3      | Killed Natasha
   868 | D:3      | Reached skill level 1 in Summonings
   951 | D:3      | Noticed Natasha
   956 | D:3      | >21%
   956 | D:3      | >miscasts
   956 | D:3      | BECAUSE OF COURSE IT WILL
   962 | D:3      | Killed Natasha
   963 | D:3      | Reached skill level 2 in Summonings
   963 | D:3      | Reached XP level 5. HP: 30/39 MP: 2/5
  1097 | D:3      | Noticed Natasha
  1112 | D:3      | Killed Natasha
  1153 | D:3      | HP: 7/39 [goblin/+0 club (3)]
  1324 | D:4      | Found a staircase to the Ecumenical Temple.
  1339 | Temple   | Entered the Ecumenical Temple
  1402 | Temple   | Became a worshipper of the Shining One
  1515 | D:5      | Entered Level 5 of the Dungeon
  1545 | D:5      | Reached skill level 3 in Transmutations
  1559 | D:5      | Noticed an ice beast
  1559 | D:5      | Noticed an ogre
  1591 | D:4      | Reached XP level 6. HP: 41/46 MP: 6/6
  1591 | D:4      | Noticed an ogre
  1600 | D:4      | Killed an ogre
  1601 | D:4      | Reached skill level 3 in Fighting
  1601 | D:4      | Reached skill level 4 in Unarmed Combat
  1694 | D:5      | Noticed an orc warrior
  1790 | D:4      | Identified the ring "Qickox" {rF+ rC+ EV+4 Dex+3}
  1909 | D:4      | Killed a steam dragon
  1910 | D:4      | Reached skill level 4 in Transmutations
  1910 | D:4      | Reached XP level 7. HP: 13/52 MP: 2/8
  2058 | D:4      | Ouch! That really hurt!
  2058 | D:4      | HP: 10/52 [ogre/+0 giant spiked club (34)]
  2063 | D:4      | Reached skill level 1 in Spellcasting
  2063 | D:4      | Reached skill level 3 in Summonings
  2064 | D:4      | ow
  2064 | D:4      | that's why i liked gdr
  2202 | D:5      | Reached skill level 4 in Fighting
  2309 | D:5      | Learned a level 5 spell: Blade Hands
  2358 | D:5      | Reached skill level 5 in Transmutations
  2458 | D:6      | Reached XP level 8. HP: 57/60 MP: 10/10
  2501 | D:6      | >exec axe
  2513 | D:6      | Reached skill level 2 in Spellcasting
  2804 | D:6      | Reached skill level 6 in Transmutations
  2949 | D:7      | Reached * piety under the Shining One
  2956 | D:7      | 10% failure chance
  2956 | D:7      | 3 out of 4 fails
  2979 | D:7      | Reached skill level 5 in Unarmed Combat
  3061 | D:7      | Reached skill level 5 in Fighting
  3071 | D:7      | Reached XP level 9. HP: 64/68 MP: 5/12
  3215 | D:7      | Reached skill level 7 in Transmutations
  3321 | D:8      | HP: 13/68 [orc priest/divine providence (11)]
  3322 | D:8      | Gained mutation: You are agile. (Dex +2) [potion of
                  | mutation]
  3322 | D:8      | Gained mutation: You are covered in fur. (AC +1) [potion of
                  | mutation]
  3322 | D:8      | Gained mutation: You have large cloven feet. [potion of
                  | mutation]
  3327 | D:8      | HP: 17/103 [orc/+0 club (2)]
  3333 | D:8      | jesus
  3386 | D:8      | Reached ** piety under the Shining One
  3387 | D:8      | Reached skill level 6 in Unarmed Combat
  3452 | D:8      | Reached skill level 6 in Fighting
  3452 | D:8      | Reached skill level 8 in Transmutations
  3546 | D:8      | Found a bloodstained altar of Trog.
  3546 | D:8      | Found an iron altar of Okawaru.
  3622 | D:8      | Reached skill level 1 in Invocations
  3622 | D:8      | Reached skill level 1 in Evocations
  3626 | D:8      | Reached skill level 2 in Invocations
  3661 | D:7      | Reached skill level 2 in Evocations
  3766 | D:8      | Reached skill level 3 in Invocations
  3816 | D:9      | Noticed a troll
  3824 | D:9      | Killed a troll
  3825 | D:9      | Reached skill level 3 in Evocations
  3825 | D:9      | Reached XP level 10. HP: 76/76 MP: 1/13
  3831 | D:9      | Found a staircase to the Lair.
  3870 | D:9      | Reached skill level 4 in Invocations
  3920 | D:9      | Reached skill level 4 in Evocations
  3926 | D:9      | Noticed a two-headed ogre
  3941 | D:9      | Killed a two-headed ogre
  3949 | D:9      | Noticed Grum
  4073 | D:9      | Reached skill level 9 in Transmutations
  4164 | D:9      | Noticed Psyche
  4167 | D:9      | NOW you motherfucking miscast it
  4167 | D:9      | you piece of shit
  4167 | D:9      | not 100 times when it's not a problem
  4176 | D:9      | Killed Psyche
  4247 | D:9      | Reached skill level 7 in Unarmed Combat
  4260 | D:9      | Reached skill level 7 in Fighting
  4347 | D:9      | Noticed Harold
  4357 | D:9      | Killed Harold
  4358 | D:9      | Reached skill level 1 in Earth Magic
  4461 | D:9      | oh?
  4461 | D:9      | oh, it closed when i killed harold
  4461 | D:9      | great
  4493 | D:9      | Noticed a seven-headed hydra
  4493 | D:9      | Noticed a manticore
  4500 | D:9      | ok, let's leave it for later
  4503 | D:10     | Entered Level 10 of the Dungeon
  4559 | D:10     | Found a staircase to the Orcish Mines.
  4597 | D:10     | Reached skill level 2 in Earth Magic
  4597 | D:10     | Reached XP level 11. HP: 78/84 MP: 11/14
  4623 | D:10     | Learned a level 2 spell: Wereblood
  4641 | Orc:1    | Entered Level 1 of the Orcish Mines
  4645 | Orc:1    | Noticed an orc sorcerer
  4793 | Orc:1    | HP: 10/84 [troll (7)]
  4797 | Orc:1    | Reached skill level 4 in Dodging
  4823 | D:10     | how am i supposed to do this
  4823 | D:10     | when a troll almost kills me in what, 3 turns?
  4823 | D:10     | fuck this rng bullshit
  5004 | Orc:1    | Noticed an orc sorcerer
  5015 | Orc:1    | Noticed a deep elf pyromancer
  5015 | Orc:1    | Killed an orc sorcerer
  5020 | Orc:1    | Killed a deep elf pyromancer
  5028 | Orc:1    | Reached skill level 4 in Summonings
  5030 | Orc:1    | Noticed a deep elf zephyrmancer
  5031 | Orc:1    | WHAT the fuck
  5038 | Orc:1    | Killed a deep elf zephyrmancer
  5039 | Orc:1    | Reached skill level 5 in Dodging
  5040 | Orc:1    | HP: 12/84 [troll[an orc warlord] (8)]
  5047 | D:10     | WHAT the fuck
  5047 | D:10     | is this entrance
  5047 | D:10     | all my good pots gone
  5052 | D:10     | oh, an ORC warlord can empower a TROLL
  5052 | D:10     | okaaaay
  5054 | D:10     | sorcerer, knight, deep elves and trolls all around the
                  | entrance
  5054 | D:10     | what, no warlords? no roka? no ettins or stone giants? weak
                  | shit
  5116 | D:10     | Reached *** piety under the Shining One
  5137 | D:10     | Reached skill level 10 in Transmutations
  5189 | D:10     | you know what i extremely enjoy about aoo?
  5189 | D:10     | the moment i get hit by 0.4% chance and i'm left with 1 mp
  5189 | D:10     | this is the best
  5189 | D:10     | and the nearest safe stairs are half level away
  5189 | D:10     | and i have monsters next to me
  5189 | D:10     | so, what do i do now?
  5189 | D:10     | my chance at fighting back is gone because i can only cast
                  | this spell twice
  5189 | D:10     | can't kite back because i'll die
  5196 | D:10     | no teleport scrolls now
  5196 | D:10     | who the fuck needs them anyway
  5304 | D:10     | 1% failure, ayyyy
  5304 | D:10     | so, 6%, 6%, 94%, 1%
  5304 | D:10     | these things happened in this sequence
  5380 | D:11     | Found a portal to a secret trove of treasure.
  5391 | D:11     | it wants 2 acquirements
  5563 | Orc:1    | Reached skill level 5 in Summonings
  5566 | Orc:1    | Killed an orc sorcerer
  5567 | Orc:1    | Reached skill level 8 in Unarmed Combat
  5567 | Orc:1    | Noticed an orc knight
  5569 | Orc:1    | Reached skill level 6 in Dodging
  5574 | Orc:1    | Noticed a deep elf pyromancer
  5585 | D:10     | Reached skill level 8 in Fighting
  5657 | D:11     | Noticed a six-headed hydra
  5717 | D:10     | stop FUCKING miscasting FOUR percent spell when i have a
                  | RED THREAT next to me
  5722 | D:10     | Killed an orc knight
  5723 | D:10     | Reached skill level 1 in Air Magic
  5723 | D:10     | Reached skill level 3 in Earth Magic
  5728 | D:10     | because i REALLY don't have MUCH room for miscasts with my
                  | fucking mana pool
  5728 | D:10     | i fucking hate spellcasters
  5728 | D:10     | imagine having a stamina bar for melee attacks
  5728 | D:10     | and once it runs out, you can't attack anymore
  5728 | D:10     | oh and it depletes in 10 turns
  5728 | D:10     | wouldn't that be fun
  5792 | Orc:1    | abjuration?
  5794 | Orc:1    | Killed a deep elf pyromancer
  5795 | Orc:1    | Reached skill level 2 in Air Magic
  5803 | Orc:1    | i honestly didn't know, i don't play spellcasters
  5810 | Orc:1    | Noticed a deep elf pyromancer
  5822 | Orc:1    | Noticed an orc warlord
  5823 | Orc:1    | ...
  5823 | Orc:1    | Noticed a deep elf pyromancer
  5824 | Orc:1    | Noticed a deep elf pyromancer
  5825 | Orc:1    | ...what?
  5838 | Orc:1    | Killed a deep elf pyromancer
  5853 | D:10     | i really don't know if i can do this
  5892 | D:10     | HP: 15/86 [orc warlord/+0 long sword (8)]
  5894 | D:10     | no blinks now either
  5894 | D:10     | because misclicks
  5894 | D:10     | *wrong keypress
  5894 | D:10     | and one of these royally fucks me over because
                  | motherfucking AOO
  5905 | D:10     | ...
  5905 | D:10     | okay
  5938 | D:9      | fucking overgrown sheep camping stairs
  5999 | D:10     | Found a runed translucent gate.
  5999 | D:10     | Found a runed translucent gate.
  5999 | D:10     | Found a runed translucent gate.
  5999 | D:10     | Found a viscous altar of Jiyva.
  5999 | D:10     | Noticed NigelTetley's ghost (journeyman DrTm)
  6085 | Orc:1    | Killed a deep elf pyromancer
  6086 | Orc:1    | Reached skill level 3 in Air Magic
  6086 | Orc:1    | Reached XP level 12. HP: 77/92 MP: 6/15
  6147 | D:10     | Reached skill level 4 in Air Magic
  6147 | D:10     | Reached skill level 4 in Earth Magic
  6174 | Orc:1    | Reached skill level 3 in Spellcasting
  6212 | Orc:1    | and there isn't even anything inside
  6212 | Orc:1    | i fought all this shit for nothing
  6340 | Orc:2    | Entered Level 2 of the Orcish Mines
  6345 | Orc:2    | what a nice band
  6345 | Orc:2    | sorcerer and 2 knights together (and all associates too)
  6451 | Orc:1    | oh
  6451 | Orc:1    | this is the only entrance? XDXDDXDXXDXDDXXD
  6451 | Orc:1    | oh no you motherfucking pieces of shit
  6451 | Orc:1    | you don't
  6468 | Orc:1    | WHY the fuck is this part cut off, it's RIGHT NEXT to the
                  | main part
  6468 | Orc:1    | i don't have passwall :/
  6540 | Orc:1    | Reached skill level 5 in Air Magic
  6577 | Orc:2    | Reached **** piety under the Shining One
  6641 | Orc:1    | HP: 7/92 [orc knight/+0 battleaxe (16)]
  6642 | Orc:1    | Mangled by an orc warrior

Illustrated notes .########.#.#.# #...## ............#. ####.# #..######.###. #. #..# #.# #. # #..# #.# #.# # #######..# #.# .# # #........# #.###.# #.######.######.....# #....@.....### ##########.# #.# #.# #.# #.# #.# #.# Turn 763 on D:3: :^) # ########.#.##.##.###.#.## #.........<...## #...# #.######.####... #.#### #.# ...... #.# ###.... #.# #.### #.#### ## ###....# #. #..@##.# #. #.###)# # #. #) ##..# #. #. #.# #. # ... #. ### ..##. ..... #.#### Turn 800 on D:3: double wiz ring # #..........##.......##..# # ########.#.##.#####...).. # #.#.# . #.##..# # #.#.# .......# # ########.#.##.##.###.#.## #.........<...## #...# #.######.####... #.#### #h# ...... #@# ###.... #.# #.### #.#### ## ### ###....# #. ##.## ##...##.# #. ##.#.####.###.###)#.# #. #.###.....##.## ##..# #. ##.#<######.#######.###### #. ##...## #............... #. Turn 956 on D:3: >21% ...........#####..##.##..# ...............########..# ...............#.........# ..............)'.........# ...............##'####'#### ....#######....>..........# ....# #..)...........<#####+ ....# #..>.h................. ....###+###.....@................ .........##########'#............ .........#.......#..#............ .........#.......#..#............ .........#.......#..#.....####### .........#.......#..+.....'.....# .........#####'###'##.....#.....# ....#'##..................# ....# ....#..#..................# ...# Turn 2064 on D:4: ow ## .# .# ####.## # .# .# #..... .. . . .# .###.#.##.# #.# .♣.+ ..........# #).#...# .......#..# #.#.#.. .##[.#.#..## .....# .#...#.#...# #...# ###.......## #.@.# #..#.#..# #...# #.......#####...## ####.#...........# #.#...........## #.#............# #.########...##.# ..# #...# ## .## #...# Turn 2501 on D:6: >exec axe ##......#.###..... #...............# ...............# #..............# #............## #..........# .#. #...n.#....## # .. ##..........# ... .. ###@........# ...##. ##..#...#...### ......###.......###...## .......#........###..... ......................# ##....)............... ####.............## ## #.#...............#..# #......).......)<.....# Turn 2956 on D:7: 10% failure chance { #.# #...# ..#####.# #...# ......... ....# .....##.#####.#. #....!......o #.........#.# ..#........)#{# ..#.......))#.# ........>.)@).# ###.......))### #.........# #.........# ##.........# #...#..##### ##.#...## ..###...#.## #......†..# Turn 3333 on D:8: jesus ........# .........# #.# #....@....# #.# #.........# #.# #.........# #.# #.........# #.# ##.........# #.# ..........@# #.# ...........# #.# ...........# #.# ...........# #.# #..........# #)# #..........####.# #.............).# #............)..# #..........####.# Turn 4167 on D:9: NOW you motherfucking miscast it #..# #...# #....... #..# #...# #....†.. #..# #...# #....... #..######...# #....... #...........# #.≈..... #...≈≈≈≈≈≈≈.# #....... #...≈#####≈.#####....... #...)#...#≈............. ##..))h@.#≈..########### #..≈#...#≈.)# #..≈#####≈..# #..≈≈ ≈≈≈≈..# #..........## #....####### ###### Turn 4461 on D:9: oh? #..........####.# #..........# #.# # #......[.).# #.# . .. ...........# #.# ####. #..........# #.# #.#.#.##..........# #.# #.. ............# #.# ..####..........# #.# #..####.##..@.>......# #.# #..................# #.# #.###+###.#........# #.# #P...P#.#........# #.###.#.#........# ## #.#?#D#.#........### . #.#+#H#.#............ #.#P. .P#.#........#### ##.#######.#........# Turn 4500 on D:9: ok, let's leave it for later #### #)..# .. #..# #.>)# ...#######..# ##..[# ............####'###+ ...........)#...## ...........)).8.# ..........##...# ..........###'#### #+# #######..@..#...##'####.## #.....#.....#............. ##.....#....##..........#'# #......'....#..(........+.. #......#....#...........#.. #......#....#.......#'###.. ......#......#....#.......#.....[ ......#......#....#########...... ......#......#...... ........... Turn 4823 on D:10: how am i supposed to do this ### ##.### # ##....# o#o ###.....### oo#T ##.#.<.[[..## ..... #....[......# ....oe##.....#....## #.@.....###...# #.##.....##...## #. ##...###....# .. # ##...#....#...# #.........#.... ####...#.#..#.. #..##.....# . #.....### ...##.. ##.... ...# #.. Turn 5031 on Orc:1: WHAT the fuck +###+ #### #)..# . #..# #.@)# .#######..# ##..[# ..........####'###+ .........)#...## .........)).8.# ... .........##...# ... .........###'#### #+# ..# ####.....#...##'####.###.# . ...#.....#.............#.# .. Turn 5047 on D:10: WHAT the fuck +###+ #### #)..# .. #..# #.>)# ...#######..# ##..[# ............####'###+ ...........)#@..## ...........)).8.# ... ..........##...# ... ..........###'#### #+# ..# #######.....#...##'####.###.# #.....#.....#.............#.# ##.....#....##..........#'##.# #......'....#..(........+....### #......#....#...........#....... Turn 5052 on D:10: oh, an ORC warlord can empower a TROLL +###+ #### #)..# .. #..# #.>)# ...#######..# ##..[# ............####'###+ ...........)#...## ...........@).8.# ... ..........##...# ... ..........###'#### #+# ..# #######.....#...##'####.###.# #.....#.....#.............#.# ##.....#....##..........#'##.# #......'....#..(........+....# #......#....#...........#..... #......#....#.......#'###..... Turn 5054 on D:10: sorcerer, knight, deep elves and trolls all around the entrance ## ##...# ....# # #.8.#... .Y..## # #...#... .Y...# ### ##'##..##+###o.>.# #'####.###.#....#....# .........#.#....#o...# ......#'##.#..).hY...# ......'....######oY..# ......#.........@....# ..#'###.............y...y ..#.....[.......####+##.. ###.............#.....# . ................#.....# ####.....#'#....'.....# #.....#.#....####### #.....#.+....... #.....#.#######+ Turn 5189 on D:10: you know what i extremely enjoy about aoo? #.......... #......... #........# #........# #........# # #........# ... ## #........## ....#. #...@.....+ ...... #####.....# ....#. #.....# . ## ##.....# #### .......# #..# .........#######..# ....................## ...................)#. ...................)). Turn 5196 on D:10: no teleport scrolls now ..#..# #.>)##.# ###..# ##..)##.# .....####)###'#.## ...+ ....)#...## ##...# ....# ....)).8)# #.8.#... ....## ....##...# #...#... .....# ....###'#### ##'##..##+###Y.>.# ....#...##'####.###.#....#o...# ....#...........@.#.#....#....# ...##..........#h##.#..).h....# ...#..(........'.Y.Y######Y...# ...#...........#..........o...# ...#.......#'###......Y......>... ...#.......#.....[.......####+##. ...#########.............#.....# ..... ..................#.....# ...... ######.....#'#....'.....# Turn 5304 on D:10: 1% failure, ayyyy ............... ................ ............... .............. #........... ########........# ##.#.#.##........# ##.......#........### #∩..@....'...<....... ##.......######...... ##.#.#.## ..... ####### .... ... .. # Turn 5391 on D:11: it wants 2 acquirements

.......#.[.#####...# #...... #
.........8)[[....8.# #......#.
.......#.[)#####...# #......#.
.......####)###'#.## #......#.
....#### ##[..##.# #......#.
....#..# #.>)##.# #......#.
#####..# ##..o##.# #......#.
.......####)###o#.## #......'.
......)#...## ##@..######......#.
......)).8)# #.8.#...........##
......##...# #h..#............#
......###'#### ##÷##..##'###..>.#
#.....#...##'####.###.#....#....#
#.....#.............#.#....#....#
#....##..........#'##.#..).'....#
'....#..(........'....######....#
#....#...........#..............#


Turn 5717 on D:10: stop FUCKING miscasting FOUR percent spell when i have a RED
THREAT next to me #....# .#... #....###### .... #.........##### ##.##
##........#.[.#####...# #..... .'..........8)[[....8.# #.....
.#........#.[)#####...# #..... .#........####)###'#.## #..... .#.....####
##[..##.# #..... .#.....#..# #.@)##.# #..... .#######..# ##..)##.# #.....
..........####)###[#.## #..... .........)#...## ##)..######..... .........)).8)#
#.8.#.......... .........##...# #...#.......... .........###'####
##÷##..##'###.. ####.....#...##'####.###.#....#..
...#.....#.............#.#....#.. Turn 5728 on D:10: because i REALLY don't have
MUCH room for miscasts with my fucking mana pool ### ##.### # ##....# o#o
###.[...### oo#T ##.#)<.[[..## ..... #...$[...e..# ....o.##.)...#....##
#.[.....###@..# #.##.....##.§.## #. ##...###....# .. # ##...#....#...#
#.........#.... ####...#.#..#... #..##.....# .. #.....### ...##.. . ##.... ...#
#.. Turn 5792 on Orc:1: abjuration? ### ##.### # ##....# o#o ###.[...### oo#T
##.#)<.[[..## ..... #...@h......# ....o.##.)...#..).## #.[.....###...#
#.##.....##...## #. ##...###....# .. # ##...#....#...# #.........#....
####...#.#..#... #..##.....# .. Turn 5803 on Orc:1: i honestly didn't know, i
don't play spellcasters . .. ... ## ..#.#.### .. #......## ....##......###
#..o#.....@...# #.o....#.o...# #.....###....# #.....##.....####
#...e.o.....###.### .. ##.......##....# ....#....).###.[...###
.....#...###.#)<.[[..## ...........#...[[......# Turn 5823 on Orc:1: ... . ..
... ## ..#.#.### .. #......## ....##......### #...#e....h...# #......#.o@..#
#..o..###....# #.....##o....#### #...e...e...###.### .. ##.......##....#
....#....).###.[...### .....#...###.#)<.[[..## ........e..#...[[......#
..........##.)...#..).## Turn 5825 on Orc:1: ...what? #....# .#... #....######
.... #.........##### ##.## ##........#.[.#####...# #.....
.'..........8)[[....8.# #..... .#........#.[)#####...# #.....
.#........####)###'#.## #..... .#.....#### ##[..##.# #..... .#.....#..# #.@)##.#
#..... .#######..# ##..)##.# #..... ..........####)###[#.## #.....
.........)#...## ##[..######..... .........)).8)# #.8.#..........
.........##...# #...#.......... .........###'#### ##'##..##'###..
####.....#...##'####.###.#....#.. ...#.....#.............#.#....#.. Turn 5853 on
D:10: i really don't know if i can do this #...........#######..#
#.....oh.............## #...................)#. #...................)).
#...................##. #...................### #.......#######.....#..
#.......#.....#.....#.. #.....@##.....#....##.. #......#......'....#..(
#......#......#....#... #......#......#....#... #......#......#....#...
#......#......#....#### #......#......#...... #......#......#.......
#......#......#....... Turn 5894 on D:10: no blinks now either
#......#......#....#.. #......#......#....#.. #......#......#....###
#......#......#...... #......#......#....... #......#......#.......
#......+.....## #......+.....# #....@.#.....# #......#.....# #....(.#.....#
#......'.....# #......#######.. #...[.Y.<....... #.....YY........
#............... #............... Turn 5905 on D:10: ... #..........####.#
#..........# #.# # ##......[.?.# #.# .. ...........# #.# ####. #..........# #.#
#.#.#.##..........# #.# #................# #.# ..####..........# #.#
#..####.##....@......# #.# #..................# #.# #.###+###.#........# #.#
#P...P#.#........# #.###.#.#........# ## #.#?#D#.#........### .
#.#+#H#.#............ #.#P. .P#.#........#### ##.#######.#........# Turn 5938 on
D:9: fucking overgrown sheep camping stairs #.....##...........#.
##.........##.......## # #..........#....).###. #.#...........#...###.#)
...................#...[ #.................##.).. .................#.[....
....##h##).....#.##.... ... #.@.#...#.#...##... #...#...###....##.. #...#...#
....###.. #...#.......#...### ##.##.......##.. # ...........##.....
............##.... ...........# #... ####....#.....# Turn 6212 on Orc:1: and
there isn't even anything inside ....$.........#. ................
................ ...........$.... ................ ................
.#.............. .......@........ ................ .....h......#...
....o........... ..oo............ .#o.o.........#. o.o.o....$.O#.#
o.............. Turn 6345 on Orc:2: what a nice band ....#.[.....###...####
...#.##.....##...###.## ##### #.#...##...###....##..# #...##
###....##...#....#...######....## #.....###.........#....##.#.....#
....#...####...#.#..#...........# ....##..#.#..##.....#............
....##.....###....##......#.#.... .....##..... #..@.###..#...####.. ....#.#....
##...#####.....#.... ...#.....# #......#.......#...# .........#
##.#..............## #......### ####.....##.....## ........### ###...####..##
.....>....## #..## #..# ....##.....# #.## ##.# ...###.....# ### ### Turn 6451 on
Orc:1: oh ..###....###*,,,,,,,,,,,,,*,,,,,, ..#......####*,,,,,,,,,,,***,,*,,
#.......#.#.###,,,,,,,,,** *,,,,, #.....>#......##,,,,,**** **,**,
.......##......###,,,,* ***** ..##...#.........#*,,** * .####......#.)...#*,**
.## #.....###...)#,** ..###.....##....@#### ...##...........#.#.###
.......##.......##[...# .......#....).###.[[..### ........#...###.#)<.[[..##
.............#...[[......# ............##.)...#..).##
...........#.[.....###...#### #>##).....#.##.....##...###.## Turn 6468 on Orc:1:
WHY the fuck is this part cut off, it's RIGHT NEXT to the main part

Levels and vault maps discovered:
D:1:      lightli_arrival_windingriver, layout_basic
D:2:      layout_loops_ring, basic_altar,
          hellmonk_ecumenical_altar_inner_sanctum, kennysheep_generic_room_16
D:3:      layout_loops_ring, uniq_natasha, uniq_jessica
D:4:      layout_gridville, marbit_many_paths, minmay_temple_entry_offerings,
          nicolae_ossuary_entry_ruins
D:5:      cheibrodos_helix_gallery, layout_rooms, serial_shops,
          nicolae_shop_advertising_works [nicolae_subvault_shop_adworks],
          minmay_misc_feat_five, saegor_snake_ambush
D:6:      layout_loops_cross, corner_web_ring, grunt_ministairs_4
D:7:      layout_cave_pools
D:8:      layout_loops_ring, grunt_temple_overflow_bloody_war, kennysheep_nub,
          uniq_maggie
D:9:      layout_long_grid, lemuel_round_altar, lair_entry_dummy,
          enter_bailey_3, minmay_shattered_shrine, uniq_psyche, uniq_erolcha,
          uniq_harold, uniq_grum
D:10:     layout_irregular_city, hiddenorc2_lemuel, gammafunk_ghost_ooze
D:11:     layout_irregular_city, nicolae_trove_entry_crystal, kennysheep_boxes
Temple:   mainiacjoe_temple_coin_purse
Orc:1:    layout_diamond_mine, elves_outpost_lemuel
Orc:2:    grunt_orc_gardens, layout_caves, grunt_orc_garden, grunt_orc_garden,
          grunt_orc_garden, grunt_orc_garden, portal_ice_cave_entry_imps,
          serial_shops, nicolae_shop_trees, guppyfry_orc_lava_fort

Skill      XL: |  1  2  3  4  5  6  7  8  9 10 11 12 |
---------------+-------------------------------------+-----
Transmutations | 1 2 3 4 5 6 8 9 10 | 10.0
Summonings     | 2 3 5 |  5.0
Fighting       | 3 4 5 6 7 8 |  8.0
Unarmed Combat | 4 5 6 7 8 |  8.0
Spellcasting   | 1 2 3 |  3.6
Invocations    | 3 4 |  4.0
Evocations     | 3 4 |  4.0
Earth Magic    | 2 3 4 |  4.6
Dodging        | 6 |  6.0
Air Magic      | 3 5 |  5.1
Throwing       | |  2.0

Action                   |  1- 3 |  4- 6 |  7- 9 | 10-12 || total
-------------------------+-------+-------+-------+-------++-------
Melee: Unarmed           |    51 |     3 |    42 |   151 ||   247
       Punch             |     1 |     3 |     7 |    10 ||    21
       Dagger            |    18 |    87 |       |       ||   105
       Hand axe          |       |    30 |   167 |       ||   197
       Kick              |       |       |    15 |   129 ||   144
       Long sword        |       |       |     6 |   145 ||   151
 Fire: Hunting sling     |       |    35 |    30 |       ||    65
Throw: Javelin           |     2 |       |     6 |     2 ||    10
       Throwing net      |     1 |     4 |       |       ||     5
       Dart              |     2 |       |       |       ||     2
       Boomerang         |       |       |       |     3 ||     3
 Cast: Call Canine Famil |       |     7 |    23 |    31 ||    61
       Blade Hands       |       |       |     5 |    24 ||    29
       Wereblood         |       |       |       |     5 ||     5
Invok: Divine Shield     |       |       |       |     4 ||     4
Evoke: Wand              |       |       |     5 |    10 ||    15
  Use: Scroll            |       |     2 |     1 |    15 ||    18
       Potion            |       |     1 |     2 |     4 ||     7
 Stab: Distracted        |       |     1 |       |       ||     1
Armor: Leather armour    |    20 |    12 |       |       ||    32
       Robe              |       |     5 |       |       ||     5
       Steam dragon scal |       |       |    56 |    27 ||    83
       Troll leather arm |       |       |       |    55 ||    55
Dodge: Dodged            |    41 |    88 |   261 |   325 ||   715
Block: Other             |       |       |       |    13 ||    13

Table legend: (Time is in decaauts)
 A = Elapsed time spent in this place.
 B = Non-inter-level travel time spent in this place.
 C = Inter-level travel time spent in this place.
 D = Time resting spent in this place.
 E = Time spent auto-exploring this place.
 F = Levels seen in this place.
 G = Mean time per level.
                   A        B        C        D        E       F      G
               +--------+--------+--------+--------+--------+-----+--------+
         Total |   7518 |   7156 |    362 |     68 |      0 |  14 |  537.0 |
       Dungeon |   6746 |   6420 |    326 |     62 |      0 |  11 |  613.3 |
        Temple |     81 |     72 |      9 |      0 |      0 |   1 |   81.0 |
  Orcish Mines |    690 |    663 |     27 |      6 |      0 |   2 |  345.0 |
               +--------+--------+--------+--------+--------+-----+--------+

Top non-repeatable levels by time:
    D:10: 1613 daAuts
     D:4: 931 daAuts
     D:9: 858 daAuts
     D:3: 705 daAuts
   Orc:1: 674 daAuts
     D:6: 585 daAuts
     D:8: 581 daAuts
     D:7: 416 daAuts
     D:5: 375 daAuts
     D:2: 322 daAuts
     D:1: 186 daAuts
    D:11: 170 daAuts
  Temple: 81 daAuts
   Orc:2: 16 daAuts
